 Dungeon Crawl Stone Soup version 0.28-a0-769-g550dbda0cd (webtiles) character file.

Game seed: 7582797228032801847

53 KoroneIsBestGirl the Insei (level 3, -2/28 HPs)
             Began as a Barachi Transmuter on Oct 31, 2021.
             Frozen to death by an endoplasm (4 damage)
             ... on level 2 of the Dungeon.
             The game lasted 00:02:25 (1834 turns).

KoroneIsBestGirl the Insei (Barachi Transmuter)     Turns: 1834, Time: 00:02:25

Health: -2/28      AC:  2    Str: 18    XL:     3   Next: 87%
Magic:  7/7        EV: 12    Int: 13    God:
Gold:   80         SH:  0    Dex: 12    Spells: 4/7 levels left

rFire   . . .      SeeInvis .     - Unarmed
rCold   . . .      Faith    .   (no shield)
rNeg    . . .      Spirit   .   a - +0 robe
rPois   .          Reflect  .   (no helmet)
rElec   .          Harm     .   (no cloak)
rCorr   .          Rampage  .   (no gloves)
Will    .....                   (no boots)
Stlth   +.........              (no amulet)
HPRegen 0.09/turn               d - +6 ring of strength
MPRegen 0.10/turn               (no ring)

@: slow
A: amphibious, slowness 1, strong legs 1, +LOS
a: Hop


You were on level 2 of the Dungeon.
You visited 1 branch of the dungeon, and saw 2 of its levels.

You collected 80 gold pieces.

Inventory:

Armour
 a - a +0 robe (worn)
Jewellery
 d - a +6 ring of strength (left hand)
Wands
 e - a wand of acid (11)
Potions
 b - 2 potions of might {unknown}
 c - a potion of mutation {unknown}


   Skills:
 + Level 2.3 Fighting
 + Level 2.8 Dodging
 + Level 3.5 Unarmed Combat
 + Level 2.7 Spellcasting
 + Level 2.8 Transmutations


You had 4 spell levels left.
You knew the following spells:

 Your Spells              Type           Power      Damage    Failure   Level
a - Beastly Appendage     Tmut           18%        N/A       8%          1
b - Wereblood             Tmut           9%         N/A       11%         2

Your spell library contained the following spells:

 Spells                   Type           Power      Damage    Failure   Level
 Spider Form              Tmut/Pois      2%         N/A       36%         3
 Ice Form                 Ice/Tmut       5%         N/A       78%         4


Dungeon Overview and Level Annotations

Branches:
Dungeon (2/15)

Altars:


Innate Abilities, Weirdness & Mutations

You are amphibious.
You cover ground slowly.
You can hop short distances.
You have an extended range of vision and can be seen from far away.


Message History

You are too injured to fight recklessly!
You are too injured to fight recklessly!
You are too injured to fight recklessly!
You are too injured to fight recklessly!
You are too injured to fight recklessly!
You are too injured to fight recklessly!
You are too injured to fight recklessly!
You are too injured to fight recklessly!
You are too injured to fight recklessly!
You are too injured to fight recklessly!
You are too injured to fight recklessly!
You are too injured to fight recklessly!
You are too injured to fight recklessly!
You are too injured to fight recklessly!
You are too injured to fight recklessly!
You are too injured to fight recklessly!
You are too injured to fight recklessly!
You are too injured to fight recklessly!
You are too injured to fight recklessly!
You are too injured to fight recklessly!
You are too injured to fight recklessly!
You are too injured to fight recklessly!
You are too injured to fight recklessly!
You are too injured to fight recklessly!
Unknown command.
The rat closely misses you.
The endoplasm jiggles.
The ball python closely misses you. The ball python grabs you.
The ball python constricts you.
* * * LOW HITPOINT WARNING * * *
You escape the ball python's grasp.
The ball python bites you.
* * * LOW HITPOINT WARNING * * *
The ball python barely misses you.
The endoplasm hits you but does no damage.
The endoplasm hits you.
* * * LOW HITPOINT WARNING * * *
There is a stone staircase leading up here.
The endoplasm freezes you.
You are frozen.
You die...

##### #.# . #.. #...#
#.##.# ###.# #...###..#.#
#...# #...##...#.# #.#..
#...##.#†#.#
#.#.###...##.#...#
#.#.##....##.#...#
#.#.#..r..##.#...#
###.#.##.J@....#..>###
#....wK.S....#.......#
#....####....#.......#
#..w.'.##...##.......#
#....#.##............#
#...K#.##...........##
..#####....#..............#
...∩.....∩.._.............#
.................#........#


You could see a worm, an endoplasm, a ball python, a kobold and a rat.

Vanquished Creatures
  A dart slug (D:1)
  3 orcs (D:2)
  6 ball pythons
  4 endoplasms (D:1)
  3 giant cockroaches
  10 goblins
  5 hobgoblins (D:1)
  A quokka (D:1)
  2 bats
  4 frilled lizards (D:1)
  2 kobolds (D:1)
  A rat (D:2)
42 creatures vanquished.

Notes
Turn   | Place    | Note
-------+----------+-------------------------------------------
     0 | D:1      | KoroneIsBestGirl the Barachi Transmuter began the quest for
                  | the Orb.
     0 | D:1      | Reached XP level 1. HP: 15/15 MP: 3/3
   160 | D:1      | Reached XP level 2. HP: 16/21 MP: 3/5
   171 | D:1      | Learned a level 2 spell: Wereblood
   682 | D:1      | Reached XP level 3. HP: 25/27 MP: 4/6
  1798 | D:2      | Found a faded altar of an unknown god.
  1834 | D:2      | Frozen to death by an endoplasm

Illustrated notes

Levels and vault maps discovered:
D:1:      shiori_arrival_oz, layout_basic
D:2:      layout_basic, hellmonk_ecumenical_altar_arch_garden

Skill      XL: |  1  2 |
---------------+-------+-----
Fighting       | 2 |  2.3
Dodging        | |  2.8
Unarmed Combat | |  3.5
Spellcasting   | |  2.7
Transmutations | |  2.8

Action                   || total
-------------------------++-------
Melee: Unarmed           ||    94
       Kick              ||    17
       Headbutt          ||    12
       Punch             ||     2
 Cast: Beastly Appendage ||    22
       Wereblood         ||     3
 Stab: Sleeping          ||     1
Armor: Robe              ||    25
Dodge: Dodged            ||    63

Table legend: (Time is in decaauts)
 A = Elapsed time spent in this place.
 B = Non-inter-level travel time spent in this place.
 C = Inter-level travel time spent in this place.
 D = Time resting spent in this place.
 E = Time spent auto-exploring this place.
 F = Levels seen in this place.
 G = Mean time per level.
                   A        B        C        D        E       F      G
               +--------+--------+--------+--------+--------+-----+--------+
         Total |   2035 |   1852 |    183 |      0 |   1588 |   2 | 1017.5 |
       Dungeon |   2035 |   1852 |    183 |      0 |   1588 |   2 | 1017.5 |
               +--------+--------+--------+--------+--------+-----+--------+

Top non-repeatable levels by time:
     D:1: 1723 daAuts
     D:2: 311 daAuts
